 Dungeon Crawl Stone Soup version 0.28.0-45-g0d030f2227 (webtiles) character file.

Game seed: 10748417760555795754

72 protoss039 the Cudgeller (level 4, 0/27 HPs)
             Began as a Gargoyle Gladiator on Apr 13, 2022.
             Slain by an orc priest
             ... wielding a +0 mace
              (1 damage)
             ... on level 3 of the Dungeon.
             The game lasted 00:02:38 (2055 turns).

protoss039 the Cudgeller (Gargoyle Gladiator)       Turns: 2055, Time: 00:02:39

Health: 0/27       AC:  8    Str: 20    XL:     4   Next: 25%
Magic:  4/4        EV: 12    Int:  8    God:
Gold:   79         SH:  0    Dex: 11    Spells: 3/3 levels left

rFire   . . .      SeeInvis .   a - +0 flail
rCold   . . .      Faith    .   (no shield)
rNeg    + + .      Spirit   .   b - +0 leather armour
rPois   ∞          Reflect  .   c - +0 helmet
rElec   +          Harm     .   (no cloak)
rCorr   .          Rampage  .   m - +0 pair of gloves
Will    .....                   (no boots)
Stlth   +.........              (no amulet)
HPRegen 0.09/turn               e - ring of positive energy
MPRegen 0.09/turn               (no ring)

@: hasted, very quick
A: sickness immunity, AC +3, negative energy resistance 1, electricity
resistance, torment resistance 1, petrification resistance
a: no special abilities


You were on level 3 of the Dungeon.
You visited 1 branch of the dungeon, and saw 3 of its levels.

You collected 79 gold pieces.

Inventory:

Hand Weapons
 a - a +0 flail (weapon)
Missiles
 d - 3 throwing nets (quivered)
Armour
 b - a +0 leather armour (worn)
 c - a +0 helmet (worn)
 m - a +0 pair of gloves (worn)
Jewellery
 e - a ring of positive energy (left hand)
Scrolls
 h - a scroll of summoning {unknown}
 i - 2 scrolls of identify {unknown}
Potions
 j - a potion of heal wounds {unknown}


   Skills:
 + Level 2.9 Fighting
 + Level 3.5 Maces & Flails
 - Level 2.0 Throwing
 + Level 1.6 Armour
 - Level 3.0 Dodging


You had 3 spell levels left.
You didn't know any spells.
Your spell library was empty.

Dungeon Overview and Level Annotations

Branches:
Dungeon (3/15)

Altars:


Innate Abilities, Weirdness & Mutations

You are immune to sickness and miasma.
Your stone body is resilient. (AC +3)
You are immune to poison.
You resist negative energy. (rN+)
You are resistant to electric shocks. (rElec)
You are resistant to unholy torment.
You are immune to petrification.


Message History

You hit the orc but do no damage.
The orc is almost dead.
An orc priest comes into view. It is wielding a +0 mace.
The orc hits you but does no damage.
You barely miss the orc.
The orc is almost dead.
The orc hits you but does no damage.
You sock the orc!
You kill the orc!
You hit the orc.
The orc is heavily wounded.
The orc hits you with a +0 dagger.
Unknown command.
You barely miss the orc.
The orc is heavily wounded.
The orc closely misses you.
The orc priest calls down the wrath of Beogh upon you.
Beogh smites you! The orc hits you but does no damage.
Unknown command.
You are too injured to fight recklessly!
Unknown command.
You are too injured to fight recklessly!
Unknown command.
You are too injured to fight recklessly!
You barely miss the orc.
The orc is heavily wounded.
The orc hits you with a +0 dagger.
You thump the orc!
You kill the orc!
The orc priest hits you but does no damage.
You hit the orc priest but do no damage.
The orc priest hits you with a +0 mace.
* * * LOW HITPOINT WARNING * * *
An orc comes into view. It is wielding a +0 club.
You barely miss the orc priest. The orc priest hits you with a +0 mace!
* * * LOW HITPOINT WARNING * * *
Unknown command.
It was a potion of haste.
You feel yourself speed up. The orc priest hits you with a +0 mace.
You die...

### ..# ####
####.##.....
#<......#
.#######.##.#######
...................
.#.......##)#######
#..###..##.# ..#
#..##@# # #..##o#
...##o# .......#
##.....# ##.# #.#
#.#


You could see an orc priest and an orc.

Vanquished Creatures
  3 adders (D:2)
  A dart slug (D:1)
  2 orcs (D:3)
  3 ball pythons (D:2)
  3 bats (D:2)
  5 endoplasms
  2 giant cockroaches
  2 goblins
  6 hobgoblins
  2 jackals (D:2)
  A quokka (D:2)
  A frilled lizard (D:1)
  4 kobolds (D:2)
  2 rats (D:1)
37 creatures vanquished.

Notes
Turn   | Place    | Note
-------+----------+-------------------------------------------
     0 | D:1      | protoss039 the Gargoyle Gladiator began the quest for the
                  | Orb.
     0 | D:1      | Reached XP level 1. HP: 12/12 MP: 1/1
   226 | D:1      | Reached XP level 2. HP: 14/17 MP: 2/2
  1061 | D:2      | Reached XP level 3. HP: 22/22 MP: 3/3
  1104 | D:2      | Reached skill level 1 in Armour
  1429 | D:2      | Found a faded altar of an unknown god.
  1445 | D:2      | Reached XP level 4. HP: 27/27 MP: 4/4
  2054 | D:3      | HP: 1/27 [orc priest/+0 mace (7)]
  2055 | D:3      | Slain by an orc priest

Illustrated notes

Levels and vault maps discovered:
D:1:      dpeg_arrival_renting, layout_basic, minmay_crystal_water,
          minmay_fountain_box
D:2:      layout_basic, shapermc_ecumenical_altar_totnotflames
D:3:      layout_loops_ring, mainiacjoe_overflow_boulevard,
          minmay_misc_feat_tower, minivault_19

Skill      XL: |  1  2  3 |
---------------+----------+-----
Throwing       | 2 |  2.0
Armour         | 1 |  1.6
Dodging        | 3 |  3.0
Fighting       | |  2.9
Maces & Flails | |  3.5

Action                   |  1- 3 |  4- 6 || total
-------------------------+-------+-------++-------
Melee: Flail             |    82 |    52 ||   134
       Punch             |     1 |       ||     1
  Use: Potion            |       |     1 ||     1
Armor: Leather armour    |    43 |    20 ||    63
Dodge: Dodged            |    57 |    30 ||    87
